 Dungeon Crawl Stone Soup version 0.30-a0-123-g91d0c66ccf (webtiles) character file.

Game seed: 2704489264001711328

242 Zonian the Chiller (level 5, -2/52 HPs)
             Began as a Demonspawn Ice Elementalist on Sept 17, 2022.
             Slain by a phantom (5 damage)
             ... on level 4 of the Dungeon.
             The game lasted 00:05:31 (4574 turns).

Zonian the Chiller (Demonspawn Ice Elementalist)    Turns: 4574, Time: 00:05:32

Health: -2/52      AC:  2    Str:  8    XL:     5   Next: 82%
Magic:  7/9        EV: 13    Int: 19    God:
Gold:   90         SH:  0    Dex: 13    Spells: 6/10 levels left

rFire   . . .      SeeInvis .    h - +0 spear
rCold   . . .      Faith    .    (no shield)
rNeg    . . .      Spirit   .    a - +0 robe
rPois   .          Reflect  .    (no helmet)
rElec   .          Harm     .    (no cloak)
rCorr   +          Rampage  .    (no gloves)
Will    .....                    (no boots)
Stlth   ..........               (no amulet)
HPRegen 0.17/turn                l - ring of resist corrosion
MPRegen 0.11/turn                (no ring)

@: berserking (expiring), lethally poisoned (-2 -> -4), very quick
A: demonic magic 1
a: no special abilities


You were on level 4 of the Dungeon.
You visited 1 branch of the dungeon, and saw 5 of its levels.

You collected 123 gold pieces.
You spent 33 gold pieces at shops.

Inventory:

Hand Weapons
 d - a +0 dagger
 h - a +0 spear (weapon)
Armour
 a - a +0 robe (worn)
Jewellery
 l - a ring of resist corrosion (left hand)
Scrolls
 c - a scroll of noise
 e - a scroll of poison
 f - a scroll of butterflies
 i - 2 scrolls of fear
 j - a scroll of teleportation
 m - a scroll of summoning
Potions
 b - a potion of magic
 g - a potion of degeneration
 k - a potion of resistance
 o - a potion of berserk rage


   Skills:
 + Level 3.1 Dodging
 + Level 3.3 Stealth
 + Level 3.2 Spellcasting
 + Level 4.5 Ice Magic


You had 6 spell levels left.
You knew the following spells:

 Your Spells              Type           Power      Damage    Failure   Level
a - Freeze                Ice            80%        1d9       2%          1
b - Frozen Ramparts       Ice            40%        1d7       7%          3

Your spell library contained the following spells:

 Spells                   Type           Power      Damage    Failure   Level
 Ozocubu's Armour         Ice            20%        N/A       7%          3
 Portal Projectile        Hex/Tloc       6%         N/A       41%         3
 Tukima's Dance           Hex            3%         N/A       41%         3
 Hailstorm                Conj/Ice       11%        3d5       52%         4
 Summon Lightning Spire   Summ/Air       3%         N/A       83%         4
 Blade Hands              Tmut           1%         N/A       99%         5
 Storm Form               Tmut/Air       1%         N/A       100%        7
 Maxwell's Capacitive Co  Air            1%         ∞         100%        8


Dungeon Overview and Level Annotations

Branches:
Dungeon (5/15)
 Temple: D:4-7

Altars:

Shops:
D:2 !


Innate Abilities, Weirdness & Mutations

Spells you cast may paralyse adjacent enemies.


Message History

The scorpion stings you.
You are poisoned.
The scorpion poisons you!
You freeze the scorpion!
The scorpion is heavily wounded.
Malevolent energies surge around you.
The scorpion suddenly stops moving!
You feel very sick.
You are too injured to fight recklessly!
Unknown command.
The helpless scorpion fails to defend itself.
You puncture the scorpion!
You kill the scorpion!
You feel very sick.
Unknown command.
A red film seems to cover your vision as you go berserk!
You feel yourself moving faster!
You feel mighty!
You feel sick. The phantom hits you.
* * * LOW HITPOINT WARNING * * *
The phantom blinks!
You blink.
Unknown command.
You closely miss the phantom.
You feel sick. The phantom hits you.
* * * LOW HITPOINT WARNING * * *
The phantom blinks!
You blink.
Found a short sword, 17 gold pieces and a fuming dark potion.
Found a stone staircase leading up.
You feel sick.
The endoplasm quivers.
Unknown command.
You feel a strong urge to attack something.
Unknown command.
You barely miss the phantom.
You feel sick. The phantom hits you.
* * * LOW HITPOINT WARNING * * *
The phantom blinks!
You blink.
* * * LOW HITPOINT WARNING * * *
You feel sick.
Unknown command.
h - a +0 spear (weapon)
You feel a strong urge to attack something.
The phantom hits you.
You die...

#.#####.#
#>....>.# #
#J#..####
###.####.#..#
#....§...#..#
#.#.###).#..######
# #..#..<.....
#.###..#W..)....
#.#...J..@..####
.......§§.........
..###........###..
.........##..#
....≈≈≈..# ..#
....≈$≈.## ..#
!...≈≈≈.. ..#
........# #.#
.......##


You could see a phantom, a jelly and an endoplasm.

Vanquished Creatures
  A scorpion (D:4)
  A howler monkey (D:4)
  A hound (D:4)
  3 gnolls (D:3)
  An adder (D:2)
  3 dart slugs
  3 orcs
  5 ball pythons
  5 endoplasms (D:2)
  9 goblins
  6 hobgoblins
  10 jackals
  4 quokkas
  2 bats (D:1)
  A frilled lizard (D:2)
  4 kobolds
  9 rats
68 creatures vanquished.

Notes
Turn   | Place    | Note
-------+----------+-------------------------------------------
     0 | D:1      | Zonian the Demonspawn Ice Elementalist began the quest for
                  | the Orb.
     0 | D:1      | Reached XP level 1. HP: 13/13 MP: 3/3
   842 | D:1      | Found a faded altar of an unknown god.
   902 | D:1      | Gained mutation: Spells you cast may paralyse adjacent
                  | enemies. [demonic ancestry]
   902 | D:1      | Reached XP level 2. HP: 19/19 MP: 5/5
  1384 | D:2      | Found Goonibro's Distillery.
  1398 | D:2      | Bought a potion of curing for 33 gold pieces
  1757 | D:2      | Reached XP level 3. HP: 24/24 MP: 2/6
  2093 | D:2      | Learned a level 3 spell: Frozen Ramparts
  2929 | D:2      | Reached skill level 4 in Ice Magic
  3532 | D:3      | Reached XP level 4. HP: 30/30 MP: 5/7
  4438 | D:4      | Reached XP level 5. HP: 27/35 MP: 4/9
  4546 | D:4      | You fall into a shaft and drop 1 floor!
  4546 | D:5      | Entered Level 5 of the Dungeon
  4560 | D:4      | Noticed a phantom
  4574 | D:4      | Slain by a phantom

Illustrated notes

Levels and vault maps discovered:
D:1:      dpeg_chamrin_arrival_tetris, layout_loops_ring,
          ebering_ecumenical_altar_abandoned
D:2:      layout_basic, serial_shops, shop, minmay_misc_feat_encased,
          feat_on_display
D:3:      layout_basic
D:4:      layout_loops_ring, grunt_temple_overflow_magic_moments,
          mainiacjoe_overflow_alcove_4, nicolae_uskayaw_dance_hall,
          nicolae_ossuary_entry_plus, gup_sewer_entry_pipe,
          corexii_item_surrounded_by_moat
D:5:      layout_cave_pools, xom_redecorated, makhleb_grotto_becter, trog_book,
          grunt_dithmenos_smoke_and_mirrors, minmay_temple_entry_fiery,
          nrook_mini_vaults, hex_large, minmay_between, uniq_menkaure

Skill      XL: |  1  2  3  4  5 |
---------------+----------------+-----
Stealth        | 2 3 |  3.3
Dodging        | 2 3 |  3.1
Ice Magic      | 4 |  4.5
Spellcasting   | 3 |  3.2

Action                   |  1- 3 |  4- 6 || total
-------------------------+-------+-------++-------
Melee: Unarmed           |    12 |       ||    12
       Spear             |    63 |       ||    63
       Punch             |     3 |       ||     3
       Dagger            |    40 |    32 ||    72
 Cast: Freeze            |    41 |    28 ||    69
  Use: Scroll            |     4 |     5 ||     9
       Potion            |     1 |     1 ||     2
 Stab: Sleeping          |     7 |     1 ||     8
       Paralysed         |     2 |     6 ||     8
Armor: Robe              |    15 |     4 ||    19
Dodge: Dodged            |    87 |    23 ||   110

Table legend: (Time is in decaauts)
 A = Elapsed time spent in this place.
 B = Non-inter-level travel time spent in this place.
 C = Inter-level travel time spent in this place.
 D = Time resting spent in this place.
 E = Time spent auto-exploring this place.
 F = Levels seen in this place.
 G = Mean time per level.
                   A        B        C        D        E       F      G
               +--------+--------+--------+--------+--------+-----+--------+
         Total |   4576 |   4398 |    178 |   1526 |   2285 |   5 |  915.2 |
       Dungeon |   4576 |   4398 |    178 |   1526 |   2285 |   5 |  915.2 |
               +--------+--------+--------+--------+--------+-----+--------+

Top non-repeatable levels by time:
     D:2: 1921 daAuts
     D:3: 1321 daAuts
     D:1: 1215 daAuts
     D:4: 113 daAuts
     D:5: 3 daAuts
